 Dungeon Crawl Stone Soup version 0.26-a0-54-g15ccc7ae60 (webtiles) character file.

Game seed: 12225221316009894176

11 3j109ei the Skirmisher (level 2, 0/24 HPs)
             Began as a Demonspawn Abyssal Knight on June 7, 2020.
             Was a Follower of Lugonu.
             Succumbed to an adder's poison
             ... on level 2 of the Dungeon.
             The game lasted 00:03:05 (592 turns).

3j109ei the Skirmisher (Demonspawn Abyssal Knight)   Turns: 592, Time: 00:03:05

Health: 0/24       AC:  3    Str: 12    XL:     2   Next: 17%
Magic:  1/3        EV: 11    Int: 13    God:    Lugonu [*.....]
Gold:   44         SH:  0    Dex: 12    Spells: 1/1 levels left

rFire    . . .     SeeInvis .   a - +1 hand axe
rCold    . . .     Gourm    .   (no shield)
rNeg     . . .     Faith    .   b - +0 leather armour
rPois    .         Spirit   +   (no helmet)
rElec    .         Reflect  .   (no cloak)
rCorr    .         Harm     .   (no gloves)
MR       .....                  (no boots)
Stlth    +.........             g - amulet of guardian spirit
HPRegen  0.08/turn              (no ring)
MPRegen  0.08/turn              (no ring)

@: lethally poisoned (0 -> -11)
A: sturdy frame 1
a: Depart the Abyss, Renounce Religion


You were on level 2 of the Dungeon.
You worshipped Lugonu.
Lugonu was aware of your devotion.
You were not hungry.

You visited 1 branch of the dungeon, and saw 2 of its levels.
You visited the Abyss 1 time.

You collected 44 gold pieces.

Inventory:

Hand Weapons
 a - a +1 hand axe (weapon)
 h - a +0 hunting sling
Missiles
 f - 7 stones (quivered)
 j - 27 arrows
Armour
 b - a +0 leather armour (worn)
Jewellery
 g - an amulet of guardian spirit (around neck)
Scrolls
 d - a scroll of blinking {unknown}
 e - a scroll of random uselessness {unknown}
 k - a scroll of teleportation {unknown}
Potions
 i - a potion of ambrosia {unknown}
Comestibles
 c - 2 rations
 l - 2 chunks of flesh


   Skills:
 + Level 3.4 Fighting
 + Level 1.8 Axes
 + Level 2.0 Armour
 + Level 0.9 Dodging
 + Level 2.5 Invocations


You had one spell level left.
You didn't know any spells.
Your spell library was empty.

Dungeon Overview and Level Annotations

Branches:
Dungeon (2/15)

Altars:


Innate Abilities, Weirdness & Mutations

Your movements are slightly less encumbered by armour. (ER -2)


Message History

You hit the ball python.
You kill the ball python!
Lugonu accepts your kill.
* * * LOW HITPOINT WARNING * * *
You feel sick. The adder closely misses you.
You closely miss the adder.
The adder is almost dead.
* * * LOW HITPOINT WARNING * * *
You feel sick.
The adder bites you but does no damage. x2
Unknown command.
You closely miss the adder.
The adder is almost dead.
* * * LOW HITPOINT WARNING * * *
You feel sick. The adder closely misses you. The adder bites you.
* * * LOW HITPOINT WARNING * * *
You are more poisoned.
The adder poisons you!
You hit the adder.
The adder is almost dead.
You die...

.......# #
......# . .
.....##
..#.#.....#
#..(#.....#
........#
#.†S).#
#..@..#
#..<..#
#.##### #.
#


You could see an adder.

Vanquished Creatures
  A bat (D:1)
  A goblin (D:1)
  2 hobgoblins
  A ball python (D:2)
  2 frilled lizards (D:1)
  5 kobolds (D:1)
  A rat (D:1)
13 creatures vanquished.

Notes
Turn   | Place    | Note
-------+----------+-------------------------------------------
     0 | Abyss:1  | 3j109ei the Demonspawn Abyssal Knight began the quest for
                  | the Orb.
     0 | Abyss:1  | Reached XP level 1. HP: 18/18 MP: 2/2
    11 | Abyss:1  | Found a corrupted altar of Lugonu.
   117 | Abyss:2  | Noticed a raiju
   117 | Abyss:2  | Noticed a raiju
   118 | D:1      | Escaped the Abyss
   148 | D:1      | Noticed a hound
   148 | D:1      | Noticed a komodo dragon
   148 | D:1      | Noticed an anaconda
   148 | D:1      | Noticed a black bear
   148 | D:1      | Noticed a killer bee
   544 | D:1      | Reached * piety under Lugonu
   558 | D:1      | Gained mutation: Your movements are slightly less
                  | encumbered by armour. (ER -2) [demonic ancestry]
   558 | D:1      | Reached XP level 2. HP: 24/24 MP: 3/3
   591 | D:2      | HP: 1/24 [adder (1)]
   592 | D:2      | Succumbed to an adder's poison

Illustrated notes

Levels and vault maps discovered:
D:1:      onia_arrival_zoo_common, layout_basic, lemuel_another_geyser
D:2:      layout_rooms, grunt_ministairs_6

Skill      XL: |  1 |
---------------+----+-----
Armour         | 2 |  2.0
Fighting       | |  3.4
Axes           | |  1.8
Dodging        | |  0.9
Invocations    | |  2.5

Action                   || total
-------------------------++-------
Melee: Hand axe          ||    42
Invok: Depart the Abyss  ||     1
Armor: Leather armour    ||    14
Dodge: Dodged            ||    34

Table legend:
 A = Non-vault XP
 B = Vault XP
 C = Vault XP percentage of total XP
 D = Non-vault monster count
 E = Vault monster count
 F = Vault count percentage of total count
                 A         B        C        D         E       F
            +---------+---------+-------+---------+---------+-------
      Total |      17 |       0 |   0.0 |      13 |       0 |   0.0
            +---------+---------+-------+---------+---------+-------
        D:1 |      14 |       0 |   0.0 |      11 |       0 |   0.0
        D:2 |       3 |       0 |   0.0 |       2 |       0 |   0.0
            +---------+---------+-------+---------+---------+-------
